 Dungeon Sprint DCSS version 0.22-a0-197-g4ac3794 (webtiles) character file.

1682 Lapis the Imperceptible (level 8, -6/44 HPs)
             Began as a Spriggan Assassin on Feb 17, 2018.
             Was a Follower of Dithmenos.
             Shot with an arrow by a centaur warrior (19 damage)
             ... in the Dungeon (Sprint I: "Red Sonja").
             The game lasted 00:04:25 (863 turns).

Lapis the Imperceptible (Spriggan Assassin)          Turns: 863, Time: 00:04:27

Health: -6/44      AC:  5    Str:  7    XL:     8   Next: 71%
Magic:  9/9        EV: 27    Int: 12    God:    Dithmenos [*.....]
Gold:   731        SH:  0    Dex: 20    Spells: 7/7 levels left

rFire    . . .     SeeInvis +   b - +0 blowgun
rCold    + . .     Gourm    .   (shield restricted)
rNeg     . . .     Faith    .   l - +2 robe {rC+}
rPois    .         Spirit   .   (helmet restricted)
rElec    .         Reflect  .   d - +0 cloak
rCorr    .         Harm     .   (gloves unavailable)
MR       +....     NoTele   +   (boots unavailable)
Stlth    +++++++++.             (no amulet)
HPRegen  0.14/turn              (no ring)
MPRegen  0.11/turn              (no ring)

@: wreathed by umbra, very quick
A: very small, unfitting armour, see invisible, herbivore, speed 3, slow
metabolism 2
a: Renounce Religion


You were in the Dungeon.
You worshipped Dithmenos.
Dithmenos was aware of your devotion.
You were not hungry.

You visited 1 branch You collected 731 gold pieces.

Inventory:

Hand Weapons
 a - a +2 dagger
 b - a +0 blowgun (weapon)
 o - a +0 short sword of distortion
Missiles
 e - 8 poisoned needles
 f - 6 curare-tipped needles (quivered)
Armour
 c - a +0 robe
 d - a +0 cloak (worn)
 i - a +0 troll leather armour
 l - a +2 robe of cold resistance (worn)
Wands
 p - a wand of iceblast (10)
Scrolls
 j - a scroll of enchant weapon {unknown}
 m - a scroll of blinking
 n - 2 scrolls of identify {unknown}
Potions
 h - a potion of curing
 k - 2 potions of magic
Comestibles
 g - a ration


   Skills:
 * Level 5.6 Fighting
 * Level 8.3 Short Blades
 - Level 2.0 Throwing
 * Level 10.0 Dodging
 * Level 21.7 Stealth


You had 7 spell levels left.
You didn't know any spells.

Dungeon Overview and Level Annotations

Branches:
Dungeon (1/1)

Altars:
Cheibriados
Dithmenos
Elyvilon
Fedhas
Gozag
Hepliaklqana
Kikubaaqudgha
Makhleb
Nemelex Xobeh
Okawaru
Qazlal
Ru
Sif Muna
Trog
Uskayaw
Vehumet
Wu Jian
Xom
Yredelemnul
Zin
The Shining One
Jiyva
Lugonu

Shops:
D (([


Innate Abilities, Weirdness & Mutations

You are very small and have problems with some larger weapons.
You are too small for most types of armour.
You have supernaturally acute eyesight. (SInv)
You are a herbivore.
You cover ground extremely quickly.
You need consume almost no food.


Message History

The centaur warrior is moderately wounded.
Firing (i - inventory. (/) - cycle)
f - 8 curare-tipped needles (quivered)
Press: ? - help, Shift-Dir - straight line, f - centaur warrior
Aim: a centaur warrior, wielding a longbow You shoot a curare-tipped needle.
The curare-tipped needle hits the centaur warrior.
The centaur warrior is poisoned.
The centaur warrior convulses.
The centaur warrior seems to slow down.
The centaur warrior is lightly wounded.
Firing (i - inventory. (/) - cycle)
f - 7 curare-tipped needles (quivered)
Press: ? - help, Shift-Dir - straight line, f/p - centaur warrior
Aim: a centaur warrior, wielding a longbow (lightly wounded, slow, poisoned)
You shoot a curare-tipped needle.
The curare-tipped needle hits the centaur warrior.
The centaur warrior looks as sick as possible!
The centaur warrior convulses.
The centaur warrior seems to be slow for longer.
The centaur warrior is moderately wounded.
The centaur warrior shoots an arrow.
The arrow hits you!!
You die...

#..#####+#####+#__####
#..####..#...#.####?§#
#..#__####..##.#§§§§.#
#..#_____##+#_.+§§§§c+
#⌠⌠#_.∩...'..=_#§§c§c#
####_..__##_.#'##c###
#_____###'#.#§§§[###
############.####c###.##
#∩^.......%...'@(...'.∩#
###++++####.).##########
###.### #.#'#.# #.....#
#.[.[.# #######


You could see a centaur warrior.

Vanquished Creatures
  Sonja (D)
  A deep troll (D)
  A slime creature (D)
  Sigmund (D)
  A yak (D)
  An ogre (D)
  A jelly (D)
  Ijyb (D)
  2 ballistomycetes (D)
10 creatures vanquished.

Vanquished Creatures (others)
  A gargoyle (D)
  2 ballistomycete spores (D)
3 creatures vanquished.

Grand Total: 13 creatures vanquished

Notes
Turn   | Place    | Note
-------+----------+-------------------------------------------
     0 | D        | Lapis the Spriggan Assassin began the quest for the Orb.
     0 | D        | Reached XP level 1. HP: 10/10 MP: 2/2
     2 | D        | Noticed Ijyb
    20 | D        | Killed Ijyb
    20 | D        | Reached skill level 9 in Stealth
    20 | D        | Reached XP level 2. HP: 11/15 MP: 3/3
   146 | D        | Noticed an ogre
   149 | D        | Killed an ogre
   149 | D        | Reached skill level 12 in Stealth
   149 | D        | Reached XP level 3. HP: 19/19 MP: 4/4
   149 | D        | Reached XP level 4. HP: 23/23 MP: 5/5
   162 | D        | Noticed Sigmund
   165 | D        | Killed Sigmund
   165 | D        | Reached skill level 5 in Short Blades
   165 | D        | Reached skill level 15 in Stealth
   165 | D        | Reached XP level 5. HP: 28/28 MP: 6/6
   196 | D        | Found an ornate altar of the Wu Jian Council.
   196 | D        | Found a deep blue altar of Sif Muna.
   198 | D        | Found a radiant altar of Vehumet.
   202 | D        | Reached XP level 6. HP: 32/32 MP: 7/7
   245 | D        | Found Vuakuts's Antique Weapon Emporium.
   245 | D        | Found an ancient bone altar of Kikubaaqudgha.
   245 | D        | Found a hazy altar of Hepliaklqana.
   245 | D        | Found a stormy altar of Qazlal.
   245 | D        | Found a hide-covered altar of Uskayaw.
   245 | D        | Found a blossoming altar of Fedhas.
   245 | D        | Found a bloodstained altar of Trog.
   245 | D        | Found an iron altar of Okawaru.
   245 | D        | Found a basalt altar of Yredelemnul.
   245 | D        | Found a glowing golden altar of the Shining One.
   245 | D        | Found a snail-covered altar of Cheibriados.
   245 | D        | Found a sacrificial altar of Ru.
   245 | D        | Found a glowing silver altar of Zin.
   245 | D        | Found a shadowy altar of Dithmenos.
   245 | D        | Found a white marble altar of Elyvilon.
   245 | D        | Noticed a yak
   246 | D        | Found an opulent altar of Gozag.
   247 | D        | Killed a yak
   247 | D        | Reached skill level 17 in Stealth
   248 | D        | Found a sparkling altar of Nemelex Xobeh.
   255 | D        | Became a worshipper of Dithmenos the Shadowed
   283 | D        | Found a burning altar of Makhleb.
   283 | D        | Found a viscous altar of Jiyva.
   283 | D        | Found a shimmering altar of Xom.
   283 | D        | Found a corrupted altar of Lugonu.
   283 | D        | Noticed a slime creature
   286 | D        | Killed a slime creature
   286 | D        | Reached skill level 18 in Stealth
   286 | D        | Reached XP level 7. HP: 37/37 MP: 8/8
   300 | D        | Noticed Sonja
   304 | D        | Killed Sonja
   304 | D        | Reached skill level 5 in Fighting
   304 | D        | Reached skill level 20 in Stealth
   304 | D        | Reached XP level 8. HP: 43/43 MP: 9/9
   312 | D        | Killed a gargoyle
   323 | D        | Found Igobul's Antique Weapon Boutique.
   623 | D        | Noticed a deep troll
   662 | D        | Killed a deep troll
   662 | D        | Reached * piety under Dithmenos
   662 | D        | Reached skill level 10 in Dodging
   662 | D        | Reached skill level 21 in Stealth
   684 | D        | Found Fuosoat's Armour Emporium.
   852 | D        | Noticed a centaur warrior
   853 | D        | Noticed a centaur warrior
   863 | D        | Shot with an arrow by a centaur warrior

Vault maps used:
D:        dungeon_sprint_1

Skill      XL: |  1  2  3  4  5  6  7  8 |
---------------+-------------------------+-----
Fighting       | 2 3 4 5 |  5.6
Short Blades   | 3 4 5 6 7 8 |  8.3
Dodging        | 3 4 6 8 9 10 | 10.0
Stealth        | 9 12 15 18 20 21 | 21.7
Throwing       | |  2.0

Action                   |  1- 3 |  4- 6 |  7- 9 || total
-------------------------+-------+-------+-------++-------
Melee: Dagger            |    17 |     4 |    42 ||    63
 Fire: Blowgun           |       |       |    10 ||    10
  Use: Potion            |     1 |       |     4 ||     5
 Stab: Sleeping          |     1 |     4 |     1 ||     6
Armor: Robe              |     2 |       |       ||     2
Dodge: Dodged            |     8 |       |    24 ||    32

Table legend:
 A = Spawn XP
 B = Non-spawn XP
 C = Spawn XP percentage of total XP
 D = Spawn monster count
 E = Non-spawn monster count
 F = Spawn count percentage of total count
 G = Total turns spent on level
                    A         B        C        D         E        F      G
               +---------+---------+-------+---------+---------+-------+---------
         Total |       0 |    2404 |   0.0 |       0 |       8 |   0.0 |   863
               +---------+---------+-------+---------+---------+-------+---------
             D |       0 |    2404 |   0.0 |       0 |       8 |   0.0 |   863
               +---------+---------+-------+---------+---------+-------+---------
